[Event "Israeli Championship 2022"]
[Site "Yosiah Arad"]
[Date "2022.12.10"]
[Round "6.4"]
[White "Erenberg, Ariel"]
[Black "Levitan, Tal"]
[Result "1-0"]
[ECO "A13"]
[WhiteElo "2514"]
[BlackElo "2243"]
[Annotator "TA"]
[PlyCount "61"]
[EventDate "2022.12.05"]
[EventType "swiss"]
[EventCountry "ISR"]
[SourceTitle "playchess.com"]
[Source "ChessBase"]
[SourceQuality "1"]
[TimeControl "40/5400+30:1800+30"]

1. c4 e6 2. g3 d5 3. Bg2 dxc4 4. Qa4+ Nd7 5. Qxc4 a6 6. Qc2 Ngf6 {[%emt 0:00:06] 6...Rb8 is vanishing.} 7. Nf3 c5 8. Nc3 {[%emt 0:00:08] is the new trend.} Qc7 {[%emt 0:00:04] A13: English Opening: 1...e6.} 9. O-O b6 10. d4 Bb7 {[%emt 0:00:05] White has an edge.} 11. Bf4 Bd6 12. Bxd6 Qxd6 13. Rfd1 $36 {[%emt 0:00:11][%mdl 2048] White has some pressure.} O-O 14. e4 {[%emt 0:00:32] e5 is the strong threat.} cxd4 15. Nxd4 Qc7 {[%emt 0:00:21] Prevents e5.} 16. Rac1 Rac8 17. f4 e5 {[%emt 0:34:51] [#]} 18. Nf5 {[%emt 0:00:10] [#]} Ng4 $146 {[%emt 0:00:26] [#] This move loses the game for Black.} (18... Kh8 $16 {keeps fighting.}) ({Predecessor:} 18... Nc5 19. Nd5 Nxd5 20. exd5 Qd7 21. fxe5 Na4 22. Qe4 g6 23. Nh6+ Kg7 24. Qf4 f5 25. e6 {1-0 (25) Bailey,M (2246)-Jordan,M (1864) ICCF email 2021}) 19. Bf3 $1 $18 ({Not} 19. Ne7+ Kh8 20. Kh1 (20. Nxc8 $2 Qc5+ 21. Kh1 Nf2+ $19) 20... Qc5 21. Rxd7 Nf2+ 22. Kg1 Ng4+ 23. Kh1 Nf2+ 24. Kg1 Ng4+ 25. Kh1 $11) 19... Ndf6 20. Qe2 g6 $2 (20... Qc5+ $2 21. Kg2 $18) (20... h5) 21. Bxg4 {[%emt 0:02:50] Strongly threatening Nd5.} gxf5 22. Bxf5 {[%emt 0:00:30] aiming for Nd5.} Rcd8 {[%emt 0:00:12] Prevents Nd5.} (22... Kg7 {is a better defense.} 23. fxe5 Qxe5 24. Bxc8 Rxc8) 23. Nd5 {[%emt 0:01:05] White is clearly winning.} Qd6 24. Nxf6+ Qxf6 25. Rc7 Rxd1+ 26. Qxd1 Ba8 27. Qg4+ Kh8 (27... Qg7 $142 28. Qxg7+ (28. fxe5 Qxg4 29. Bxg4 Bxe4 $16) 28... Kxg7 29. fxe5 h6) 28. Qh5 h6 29. fxe5 Qg7 30. Kg2 Kg8 31. Kh3 {[%emt 0:00:50] Weighted Error Value: White=0.08 (flawless) /Black=0.50} 1-0

[Event "Israeli Championship 2022"]
[Site "Yosiah Arad"]
[Date "2022.12.10"]
[Round "6.5"]
[White "Zanan, Evgeny"]
[Black "Gorodetzky, David"]
[Result "1/2-1/2"]
[ECO "C78"]
[WhiteElo "2485"]
[BlackElo "2495"]
[Annotator "TA"]
[PlyCount "68"]
[EventDate "2022.12.05"]
[EventType "swiss"]
[EventCountry "ISR"]
[SourceTitle "playchess.com"]
[Source "ChessBase"]
[SourceQuality "1"]
[TimeControl "40/5400+30:1800+30"]

1. e4 e5 2. Nf3 Nc6 3. Bb5 a6 4. Ba4 Nf6 5. O-O Bc5 6. c3 O-O 7. d4 Ba7 8. Bg5 {[%emt 0:01:07] C78: Ruy Lopez: Archangelsk and Möller Defences.} h6 9. Bh4 d6 10. Bxc6 {[%emt 0:01:56] White is slightly better.} bxc6 11. dxe5 dxe5 12. Nxe5 Qe7 13. Nf3 {[%emt 0:00:31] [#] And now e5 would win.} Qxe4 14. Bxf6 gxf6 15. Nbd2 Qf4 16. Re1 Bf5 {[%emt 0:06:29] Inhibits Re4.} 17. Nb3 {[%emt 0:01:26] [#]} Rfd8 $146 ({Predecessor:} 17... Rfe8 18. Qc1 Rxe1+ 19. Qxe1 c5 20. Qd2 Qxd2 21. Nbxd2 Be6 22. c4 a5 23. b3 Kg7 {1-0 (89) Dragnev,V (2548)-Kaczur,F (2480) Hungary 2021}) 18. Nfd4 {[%emt 0:08:00] g3 is the strong threat.} c5 19. g3 Qg5 20. h4 Qg6 21. Nxf5 Qxf5 22. Qb1 (22. Qc1 {looks sharper.} Kg7 23. c4 Bb6 24. Kg2) 22... Qxb1 23. Raxb1 c4 24. Na5 Rd2 25. Rf1 ({Don't play} 25. Nxc4 Bxf2+ 26. Kf1 Bxe1 27. Nxd2 Bxg3 $17) 25... Re8 26. Nxc4 Rd3 27. Kg2 Re4 28. Na5 {[%emt 0:00:56] aiming for Nb3.} Re2 29. Nc4 Re4 30. Na5 {[%emt 0:03:45] Threatens to win with Nb3.} Rd2 31. Nb3 Rc2 32. Nc1 Rd2 {[%emt 0:02:12] The position is equal.} 33. Nb3 Rc2 34. Nc1 Rd2 {[%emt 0:02:23] Weighted Error Value: White=0.09 (flawless) /Black=0.03 (flawless)} 1/2-1/2

[Event "Israeli Championship 2022"]
[Site "Yosiah Arad"]
[Date "2022.12.10"]
[Round "6.7"]
[White "Dvoirys, Semen I."]
[Black "Yaniv, Yuval"]
[Result "1-0"]
[ECO "B69"]
[WhiteElo "2461"]
[BlackElo "2343"]
[Annotator "TA"]
[PlyCount "113"]
[EventDate "2022.12.05"]
[EventType "swiss"]
[EventCountry "ISR"]
[SourceTitle "playchess.com"]
[Source "ChessBase"]
[SourceQuality "1"]
[TimeControl "40/5400+30:1800+30"]

1. e4 c5 2. Nf3 d6 3. d4 cxd4 4. Nxd4 Nf6 5. Nc3 Nc6 6. Bg5 e6 7. Qd2 a6 8. O-O-O Bd7 9. f4 Be7 10. Nf3 b5 11. Bxf6 gxf6 12. g4 {[%emt 0:00:52] B69: Sicilian: Richter-Rauzer: 7...a6 8 0-0-0 Bd7 9 f4 Be7 10 Nf3 b5 11 Bxf6.} Qb6 {[%emt 0:00:00] [#]} 13. g5 $146 (13. Kb1 $14) ({Predecessor:} 13. h4 Na5 14. Nd4 Rc8 15. f5 b4 16. Nb1 b3 17. axb3 Qxd4 18. Qxa5 Qxe4 19. Bd3 Qe3+ 20. Qd2 Qxd2+ 21. Rxd2 a5 22. Nc3 Rb8 23. Re1 Kf8 24. fxe6 fxe6 25. Rf2 Rb4 26. Bc4 {½-½ (26) De la Paz Perdomo,F (2462)-Delgado Ramirez,N (2443) Varadero 2000}) 13... O-O-O 14. h4 {[%emt 0:05:36] The position is equal.} Be8 (14... h6 $11 {keeps the balance.}) 15. Bh3 {[%emt 0:10:51] White is more active.} Kb8 $1 16. Qe2 (16. f5 $5 ) 16... Na5 17. gxf6 (17. a3 {simplifies} Nc4 18. Nd2 Nxd2 19. Rxd2 a5 20. Bg2) 17... Bxf6 18. e5 {[%emt 0:00:44] Against b4} dxe5 19. Ne4 Be7 20. Neg5 Qc7 {[%emt 0:00:00] And now ...h6 would win.} (20... exf4 $2 21. Rxd8+ Qxd8 22. Qe5+ Ka7 23. Qxh8 $18) (20... e4 $5 21. Nxe4 (21. Qxe4 Bc6 $17) (21. Rxd8+ Bxd8 22. Nxe4 Bc7 $15) 21... Nc4 $15) 21. Nxe5 (21. Rxd8+ {simplifies} Bxd8 22. Nxe5 Nc4 23. Nxc4 bxc4 24. Bg2) 21... Nc6 22. Bg2 Nxe5 23. fxe5 (23. Qxe5 Qxe5 24. fxe5 Rxd1+ 25. Kxd1 Rg8 $15) (23. Rxd8+ {simplifies} Bxd8 24. fxe5 h6 25. Nf3) 23... h6 24. Rxd8+ Bxd8 25. Nf3 Bc6 26. Rd1 (26. Nd4 $5 Bxg2 27. Qxg2 $11) 26... Rg8 27. Bh1 (27. a3 $15) 27... Qb7 $17 28. Qe3 Bb6 {[%emt 0:00:00] A strong pair of Bishops.} 29. Qf4 (29. Qe2 $17) 29... Rc8 {[%emt 0:00:00] White must now prevent ...Be4.} 30. Bg2 a5 (30... h5 $19 {is more deadly. Strongly threatening ...Be4.} 31. a3 Be4) 31. Qg4 Qc7 ({Black should try} 31... h5 $17 32. Qg3 a4) 32. Ne1 $1 $15 Bxg2 (32... Qxe5 {keeps more tension.} 33. Bxc6 Rxc6 34. Qg2 Rc8) 33. Qxg2 Qxe5 34. Nd3 {[%emt 0:00:03] Inhibits Qf4+.} Qc7 (34... Qd4 $17 35. Kb1 Qxh4) 35. Kb1 Rd8 ({Black should play} 35... Qc6 $15 36. Qh2+ Bc7) 36. a3 Bd4 37. Qe4 Bg7 38. Rg1 Bf8 39. Ne5 {[%emt 0:01:28] Hoping for Nc6+.} Rc8 40. Rd1 {[%emt 0:00:48] Rd7 is the strong threat.} f5 $2 (40... Bd6 $1 $11 41. Nxf7 Bxa3) 41. Qe2 $18 Bd6 (41... Bg7 $2 42. Qxb5+ Qb7 43. Qxa5 Bxe5 44. Qxe5+ Qc7 45. Qb5+ (45. Qxe6 Qxc2+ 46. Ka2 Qxd1 $11) 45... Qb7 46. Qa4 $18) 42. Qxb5+ Ka7 {[%emt 0:00:10] [#]} 43. c3 f4 {[%emt 0:04:27] [#]} 44. Nf7 $1 {[%emt 0:00:00][%mdl 512] Inhibits f3.} Qxf7 45. Qxa5+ ({Weaker is} 45. Rxd6 Qf5+ 46. Qxf5 exf5 $18) 45... Kb7 46. Rxd6 Qf5+ 47. Qxf5 exf5 {[%emt 0:00:02][%mdl 4096] Endgame KR-KR} 48. Rd4 (48. Rxh6 $2 {is the wrong capture.} f3 49. Rf6 Rc5 $19) 48... Rg8 49. Rxf4 {[%emt 0:00:00] White is clearly winning.} Rg4 (49... Rf8 $142 50. b4 Kc7) 50. Rxf5 Rxh4 51. Ka2 Rh2 52. Kb3 {[%emt 0:00:00] Threatens to win with Rf6.} h5 53. a4 h4 54. Rh5 h3 55. c4 Rh1 56. Kb4 h2 57. Kb5 {[%emt 0:00:00] White used his chance.   Weighted Error Value: White=0.14 (very precise) /Black=0.37} 1-0

[Event "Israeli Championship 2022"]
[Site "Yosiah Arad"]
[Date "2022.12.10"]
[Round "6.8"]
[White "Postny, Evgeny"]
[Black "Streltsov, Alexey"]
[Result "1/2-1/2"]
[ECO "D27"]
[WhiteElo "2588"]
[BlackElo "2313"]
[Annotator "TA"]
[PlyCount "86"]
[EventDate "2022.12.05"]
[EventType "swiss"]
[EventCountry "ISR"]
[SourceTitle "playchess.com"]
[Source "ChessBase"]
[SourceQuality "1"]
[TimeControl "40/5400+30:1800+30"]

1. d4 d5 2. Nf3 Nf6 3. c4 dxc4 4. e3 e6 5. Bxc4 c5 6. O-O a6 7. Re1 {[%emt 0:00:51] D27: Queen's Gambit Accepted: Classical main line: 7 e4!? and 7 a4.} b5 8. Bf1 cxd4 9. Nxd4 Bb7 10. a4 b4 11. Nd2 {[%emt 0:08:22][%cal Bb1d2,Bd2c4,Bc4e5,Be5d7][%mdl 32] [#]} Nc6 $146 ({Predecessor:} 11... Be7 12. Nc4 O-O 13. f3 Qc7 14. Qe2 Nc6 15. Nxc6 Bxc6 16. e4 Nd7 17. b3 Nb6 18. Nxb6 Qxb6+ {1-0 (29) Nikolaidis,I (2529)-Gavrilakis,N (2426) Rhodes 2008}) 12. Nxc6 Bxc6 13. Nc4 Qxd1 14. Rxd1 Ne4 ({Black should try} 14... Bc5 $14) 15. Bd2 a5 (15... Nxd2 $1 $14 16. Rxd2 Bc5) 16. Ne5 $1 $16 Bd5 17. Bb5+ Ke7 18. f3 {[%emt 0:09:11] Inhibits f6.} (18. Be1 $142) 18... Nxd2 19. Rxd2 {[%emt 0:00:07] aiming for e4.} f6 20. Nd7 {[%emt 0:10:27] And now e4 would win.} Kf7 21. Rc1 {[%emt 0:12:06][%cal Ba1c1,Bc1c6,Bc6a6][%mdl 32] Prevents Rc8. White has more active pieces.} Bd6 22. Nb6 {[%emt 0:04:06][%csl LRa8,LRd5] Inhibits Rhc8.} Rad8 23. Nxd5 exd5 24. Rc6 Ke7 25. Ra6 (25. Rxd5 Bxh2+ $1 26. Kxh2 Rxd5 27. Rc7+ Kd6 28. Rc6+ Ke5 $17) 25... Bc5 {[%emt 0:00:31] Prevents Ra7+.} 26. Kf1 (26. Rxa5 $2 {is the wrong capture.} Bxe3+ 27. Rf2 Rc8 $19) 26... Bxe3 27. Re2 d4 28. Rxa5 Rc8 29. Ra7+ Kd6 $1 30. Rd7+ Ke5 $1 31. g3 g5 {[%emt 0:03:57] Prevents f4+.} 32. Kg2 h5 33. a5 Rc5 34. Re7+ Kd6 35. Rd7+ Ke5 36. Re7+ Kd6 37. Rb7 g4 (37... h4 $11 38. h3 hxg3) 38. Rd7+ Ke5 39. Re7+ (39. Bd3 $5 gxf3+ 40. Kxf3 $14) 39... Kd6 40. Rd7+ Ke5 {[%emt 0:00:01] [#]} 41. f4+ (41. Bd3 $1 $16 {Threatens to win with f4+.} Rc1 42. h4 (42. f4+ $2 Ke6 $19) 42... Rg1+ 43. Kh2 gxf3 44. Rc2 (44. Rxe3+ dxe3 45. Kxg1 Rc8 $11)) 41... Ke4 $11 {[%emt 0:02:56] The position is equal.} 42. Re7+ Kd5 43. Rd7+ Ke4 {[%emt 0:00:11] Weighted Error Value: White=0.11 (very precise) /Black=0.12 (very precise)} 1/2-1/2

[Event "Israeli Championship 2022"]
[Site "Yosiah Arad"]
[Date "2022.12.10"]
[Round "6.9"]
[White "Shohat, Yotam"]
[Black "Mikhalevski, Victor"]
[Result "0-1"]
[ECO "B96"]
[WhiteElo "2294"]
[BlackElo "2517"]
[Annotator "TA"]
[PlyCount "98"]
[EventDate "2022.12.05"]
[EventType "swiss"]
[EventCountry "ISR"]
[SourceTitle "playchess.com"]
[Source "ChessBase"]
[SourceQuality "1"]
[TimeControl "40/5400+30:1800+30"]

1. e4 c5 2. Nf3 d6 3. d4 cxd4 4. Nxd4 Nf6 5. Nc3 a6 6. Bg5 e6 7. f4 h6 8. Bh4 Qb6 9. a3 Nc6 {[%emt 0:03:43] B96: Sicilian Najdorf: 6 Bg5 e6 7 f4, lines other than 7...Qb6 and 7...Be7.} (9... Qxb2 $2 10. Na4 $18) 10. Bf2 Qc7 (10... Qxb2 $2 11. Na4 $18) 11. Be2 Be7 {[%emt 0:02:24] The position is equal.} 12. Qd3 Bd7 13. O-O O-O 14. Rad1 {[%emt 0:03:01] [#]} Rad8 $146 ({Predecessor:} 14... Rac8 15. Nb3 b5 16. Qg3 Qb8 17. Be3 b4 18. axb4 Nxb4 19. e5 Nfd5 20. Nxd5 Nxd5 21. Rxd5 exd5 {½-½ (39) Boettcher,F (2286)-Orsolic,M (2179) LSS email 2007}) 15. Qg3 d5 16. e5 Ne4 17. Nxe4 dxe4 18. c3 f6 19. exf6 Bxf6 20. Bg4 (20. Nb3 {feels hotter.} Ne7 21. Nc5 Nf5 22. Qh3) 20... Nxd4 21. Bxd4 Bb5 22. Bxe6+ Kh8 23. Rfe1 {[%emt 0:02:36] f5 is the strong threat.} Bxd4+ 24. Rxd4 Rxd4 25. cxd4 Rxf4 26. Qe3 Bd3 27. Rc1 Rf8 28. d5 (28. Rxc7 $2 Rf1#) (28. Qxh6+ gxh6 29. Ra1 Qf4 30. h4 e3 31. Bh3 Qg3 32. Rc1 e2) 28... Qc2 29. h3 Qxb2 $40 {[%emt 0:00:07][%mdl 128] Black has some attack.} 30. Qc5 Qf6 31. Qxf8+ $1 {[%emt 0:00:30][%mdl 64] Remove Defender} Qxf8 32. Rc8 Qxc8 33. Bxc8 $11 {[%emt 0:00:03][%cal Od5d6][%mdl 4096] Endgame KB-KB} Kg8 $1 34. Bxb7 e3 {[%emt 0:00:21] White must now prevent ...Kf7.} 35. d6 {[%emt 0:00:32] White threatens d7 and mate.} Kf7 {[%emt 0:00:07] Threatens to win with ...Ke6.} 36. Bd5+ Kf6 {[%emt 0:00:01] aiming for ...Bb5.} 37. d7 $2 {[%emt 0:00:28][%mdl 8192] This move loses the game for White.} (37. Bc6 $11) 37... Ke7 $19 38. Bc6 Bf5 39. Kf1 Bxd7 40. Bxd7 Kxd7 {[%emt 0:00:01] KP-KP. Black mates.} 41. Ke2 {[%emt 0:05:37] [#]} Kc6 $1 42. Kxe3 {[%emt 0:00:56] [#] K3P-K3P} Kb5 $1 43. Kd4 Ka4 44. Kc5 Kxa3 45. Kb6 Kb4 46. Kxa6 Kc5 47. Kb7 Kd4 48. Kc6 Ke3 49. Kd5 Kf2 {[%emt 0:00:09] Weighted Error Value: White=0.33/Black=0.03 (flawless)} 0-1

[Event "Israeli Championship 2022"]
[Site "Yosiah Arad"]
[Date "2022.12.10"]
[Round "6.10"]
[White "Levin, Guy"]
[Black "Tzidkiya, Yeshaayahu"]
[Result "1-0"]
[ECO "B31"]
[WhiteElo "2382"]
[BlackElo "2444"]
[Annotator "TA"]
[PlyCount "99"]
[EventDate "2022.12.05"]
[EventType "swiss"]
[EventCountry "ISR"]
[SourceTitle "playchess.com"]
[Source "ChessBase"]
[SourceQuality "1"]
[TimeControl "40/5400+30:1800+30"]

1. e4 c5 2. Nf3 Nc6 3. Bb5 g6 4. Nc3 Bg7 5. O-O Nd4 6. Nxd4 cxd4 7. Ne2 a6 8. Ba4 {[%emt 0:00:11] B31: Sicilian: 2...Nc6 3 Bb5 g6.} b5 9. Bb3 Bb7 10. d3 {[%emt 0:00:09] White has an edge.} d5 11. f3 e6 12. Qe1 Ne7 13. Qh4 {[%emt 0:11:15] [#]} a5 $146 {[%emt 0:17:33] [#] Strongly threatening ...a4.} ({Predecessor:} 13... dxe4 14. fxe4 Nc6 15. Bg5 Qd6 16. Rf3 h6 17. Bf6 Bxf6 18. Qxf6 Rh7 19. Bd5 Rd8 20. Bxc6+ Bxc6 {1-0 (36) Karjakin,S (2760)-Soumya,S (2423) Douglas 2018}) 14. a4 $1 b4 15. Bh6 O-O 16. Bxg7 Kxg7 17. e5 {[%emt 0:11:08] White is much more active.} (17. Nxd4 dxe4 18. Kh1 exd3 19. cxd3 Nc6 20. Qxd8 Rfxd8 21. Nxc6 Bxc6 $15) (17. Qg3 $14) 17... Nc6 $11 18. Qg3 (18. Qxd8 {simplifies} Raxd8 19. f4 h5 20. g3) 18... Qc7 19. f4 f6 20. Rae1 fxe5 21. fxe5 {[%emt 0:00:05][%cal Of1f6] [#] Rf6! is the strong threat.} Rxf1+ 22. Rxf1 Rf8 {[%emt 0:24:37] Against Qf4} 23. Rf6 Re8 24. Qf2 (24. Qf4 $5 ) 24... Nxe5 25. Rf4 {[%emt 0:02:34] Against Ng4} Nc6 26. Nxd4 (26. Qh4 Qe7 27. Qxe7+ Rxe7 28. Nxd4 Nxd4 29. Rxd4 e5 $17) 26... Nxd4 27. Qxd4+ e5 28. Qe3 Rc8 29. Rf2 Rf8 {[%emt 0:00:28] Against Qf3} 30. Rxf8 Kxf8 {[%emt 0:00:03][%mdl 4096] Endgame KQB-KQB} 31. Qa7 $1 {[%emt 0:00:10] aiming for Bxd5.} Qe7 ({Better is} 31... e4 $14) 32. Qxa5 $16 e4 33. dxe4 (33. Bxd5 exd3 34. h3 dxc2 35. Bxb7 c1=Q+ 36. Kh2 Qd6+ 37. g3 Qe3 38. Qa8+ Kg7) (33. c3 $18) 33... dxe4 $2 {[%emt 0:00:48] This costs Black the game.} (33... Qxe4 $16 {was called for.} 34. Qc5+ (34. Qd8+ Kf7 $16) 34... Ke8) 34. c3 $18 bxc3 35. Qxc3 Ke8 36. Qc4 e3 $2 (36... Kd7 37. Qf7 Qxf7 38. Bxf7 Kd6) 37. Qe6 ({Weaker is} 37. Qb5+ Kf8 38. Qf1+ (38. Qc4 Ke8 $18) 38... Kg7 $16) 37... Qxe6 38. Bxe6 {[%emt 0:00:01] KB-KB} Ke7 39. Bc4 Kd6 40. b4 Ke5 41. a5 Kd4 {[%emt 0:30:05] Prevents a6.} 42. a6 Be4 43. Be2 {[%emt 0:00:00] Threatens to win with b5.} Bd5 44. Kf1 $2 (44. b5 {b6 would kill now.} Kc5 45. Bf3 Kxb5 46. a7) 44... g5 $2 (44... Be4 45. a7 Kc3) 45. Kg1 {[%emt 0:00:00] Hoping for b5.} g4 46. Bxg4 Kc4 47. b5 {[%emt 0:00:00] White mates.} Kxb5 48. Bf3 Bxf3 49. gxf3 Kxa6 50. Kf1 {[%emt 0:00:00] Weighted Error Value: White=0.16 (very precise) /Black=0.46} 1-0

[Event "Israeli Championship 2022"]
[Site "Yosiah Arad"]
[Date "2022.12.10"]
[Round "6.11"]
[White "Zemach, Nadav"]
[Black "Iliaguev, Nisim"]
[Result "1/2-1/2"]
[ECO "E08"]
[WhiteElo "2402"]
[BlackElo "2364"]
[Annotator "TA"]
[PlyCount "49"]
[EventDate "2022.12.05"]
[EventType "swiss"]
[EventCountry "ISR"]
[SourceTitle "playchess.com"]
[Source "ChessBase"]
[SourceQuality "1"]
[TimeControl "40/5400+30:1800+30"]

1. d4 Nf6 2. c4 e6 3. g3 d5 4. Bg2 Bb4+ 5. Bd2 Be7 6. Nf3 O-O 7. O-O c6 8. Qc2 Nbd7 9. Bf4 b6 10. cxd5 {[%emt 0:01:12] 10.Nbd2 is the modern continuation.} cxd5 11. Ne5 {[%emt 0:00:06] E08: Closed Catalan: Main Line: 7 Qc2.} Nxe5 12. dxe5 Nd7 13. e4 {[%emt 0:00:07] [#]} (13. h4 $11) 13... Bb7 $146 ({Black should play} 13... d4 $1 $17 {aiming for ...g5.} 14. h4 a5) ({Predecessor:} 13... d4 14. Rd1 g5 15. Bc1 Nxe5 16. b3 Ba6 17. Bb2 Rc8 18. Qd2 Nd3 19. Ba3 Qc7 {0-1 (27) Leenhouts,K (2499)-Anand,V (2776) Bastia 2016}) 14. exd5 $11 Bxd5 15. Bxd5 exd5 16. Rd1 Nc5 $1 ({Much less strong is} 16... g5 17. Be3 $16) 17. Qd2 {[%emt 0:08:02][%cal Ob1c3] Inhibits d4.} Ne6 18. Qxd5 Nxf4 19. gxf4 Qc8 {[%emt 0:00:04] Hoping for ...Qg4+.} 20. Qf3 {[%emt 0:01:27] Against Qg4+. White is more active.} (20. Nc3 {seems wilder.} Qg4+ 21. Qg2 Qxf4 22. Nd5) 20... Qc2 21. Rd2 Qc1+ {[%emt 0:03:45] The position is equal.} 22. Qd1 Qc4 23. Qf3 ({Avoid the trap} 23. Rd7 $2 Qxf4 $1 24. Nc3 Bc5 $19) 23... Qc1+ 24. Qd1 Qc4 25. Qf3 {[%emt 0:00:02] Weighted Error Value: White=0.19 (very precise) /Black=0.12 (very precise)} ({Not} 25. Rd7 $2 {[#]} Qxf4 $1 26. Nc3 Bc5 $19) 1/2-1/2

[Event "Israeli Championship 2022"]
[Site "Yosiah Arad"]
[Date "2022.12.10"]
[Round "6.12"]
[White "Aizenberg, Benny"]
[Black "Kupervaser, Erez"]
[Result "1-0"]
[ECO "B31"]
[WhiteElo "2375"]
[BlackElo "2331"]
[Annotator "TA"]
[PlyCount "163"]
[EventDate "2022.12.05"]
[EventType "swiss"]
[EventCountry "ISR"]
[SourceTitle "playchess.com"]
[Source "ChessBase"]
[SourceQuality "1"]
[TimeControl "40/5400+30:1800+30"]

1. e4 c5 2. Nf3 Nc6 3. Bb5 g6 4. c3 Nf6 5. Qe2 Bg7 6. O-O O-O 7. d4 {[%emt 0:00:04] B31: Sicilian: 2...Nc6 3 Bb5 g6.} d5 {[%emt 0:01:43] is more profitable than 7...cxd4 at the moment.} 8. e5 {[%emt 0:00:05] [#]} Ne8 $146 (8... Ne4 $11) ({Predecessor:} 8... Ne4 9. Be3 cxd4 10. cxd4 Bd7 11. Ne1 Qb6 12. Bxc6 Bxc6 13. f3 Bb5 14. Nd3 Bxd3 15. Qxd3 Qxb2 16. fxe4 Qxa1 {0-1 (37) Terry,R (2516)-Zhigalko,S (2572) Chess.com INT 2022}) 9. dxc5 {[%emt 0:03:54] White is slightly better.} Nc7 10. Bxc6 bxc6 11. Re1 a5 12. Nd4 Ne6 13. Nxe6 (13. Nxc6 Qd7 14. Nd4 (14. Qb5 Ba6 $15) 14... Nxc5 $11) 13... Bxe6 14. Na3 a4 15. Nc2 Qa5 16. Qe3 Qb5 17. Rb1 Ra5 18. Nd4 Qxc5 19. b4 axb3 20. axb3 Ra2 21. Nxe6 Qxe3 22. Bxe3 fxe6 23. Bd4 Rfa8 24. f4 Kf7 (24... Bh6 $11) 25. h4 h5 (25... h6 $11 {remains equal.}) 26. Rf1 $16 Bh6 27. g3 Ke8 28. Rf2 Kf7 29. Kg2 Ke8 30. Kf3 Rxf2+ 31. Kxf2 {[%emt 0:00:00][%mdl 4096] Endgame KRB-KRB} Ra2+ 32. Ke3 Rg2 33. Kf3 Ra2 34. b4 Kf7 35. Re1 Ke8 36. Re2 Ra1 37. Rc2 Kd7 38. c4 Rb1 39. Bc5 Rb3+ 40. Kf2 dxc4 41. Rxc4 Ra3 42. Rc2 {[%emt 0:01:24][%cal Ob4b5] Strongly threatening b5!} Ra8 {[%emt 0:04:10] Against b5} 43. Rd2+ Ke8 44. Rd3 Ra6 45. Ke3 Bf8 46. Kd4 {[%emt 0:08:43] White is more active.} Ra2 (46... Kd7 $16 47. Kc4+ Kc7) 47. Kc4 (47. Bb6 $1 $18) 47... Rc2+ (47... Ra6 $16 {keeps fighting.} 48. Kb3 Ra8) 48. Kb3 $18 Rg2 49. Bd4 Kd7 50. Bc3+ Kc7 51. Bd2 Rg1 52. Kb2 Rg2 53. Kc2 Bh6 54. Ra3 Kb7 55. Kd1 Kb6 $2 (55... Rg1+ $16 {was necessary.} 56. Ke2 Rg2+ 57. Ke1 Bf8) 56. Ke1 (56. Be3+ $18 {is the precise move to win.} Kb5 57. Bc5) 56... Kb5 $2 {[%emt 0:00:00] [#] Black cannot hold the game after this.} (56... Kb7 $16 57. Rd3 Kc7) 57. Ra5+ $1 Kc4 58. Rc5+ Kd3 (58... Kd4 $142 59. Rc3 (59. Rxc6 Rxg3 60. Rxe6 Rg4 $11) 59... Rg1+ 60. Kf2 Rd1) 59. Rc3+ Ke4 {[%emt 0:00:00] [#]} 60. Kd1 $1 ({Stronger than} 60. Rxc6 Rxg3 61. Rc4+ (61. Rxe6 Rg1+ 62. Kf2 Rg4 $11) 61... Kf5 $11) 60... Kd4 (60... Kd5 $142 61. Be1 Rb2 62. Rc5+ Ke4 63. Rxc6 Rb1+ 64. Ke2 Rb2+ 65. Kd1 Rb1+ 66. Ke2 Rb2+ 67. Bd2 Kd5) 61. Be1 {[%emt 0:00:00] White is clearly winning.} ({Weaker is} 61. Rxc6 Rxg3 62. b5 Rb3 $11) 61... Rb2 62. Rxc6 {[%emt 0:00:00] Threatening mate with Bc3+.} Rb1+ 63. Ke2 Rb2+ 64. Bd2 Rb3 {[%emt 0:00:23] [#]} 65. Bc3+ $1 Kd5 66. Rc8 {[%emt 0:00:00] White threatens Kd3 and mate.} Ke4 67. Rc4+ Kf5 68. Kf3 Rb1 69. Bd4 Rb3+ (69... Bg7 $142 70. Be3 Rf1+ 71. Bf2 Rb1) 70. Be3 Bg7 71. Rc7 Rxb4 72. Rxe7 {[%emt 0:00:00] Intending Rf7+ and mate.} Bxe5 73. fxe5 {[%emt 0:00:00] And now Rf7+ would win.} Kxe5 {[%emt 0:00:01] KRB-KR} 74. Rf7 {[%emt 0:00:00] Threatens to win with Bf4+.} Rb3 75. Ke2 Rb2+ 76. Bd2 Ra2 77. Kd3 Kd5 78. Rg7 e5 79. Rxg6 e4+ 80. Ke3 Ra3+ 81. Ke2 Kd4 82. Rd6+ {[%emt 0:35:25] Weighted Error Value: White=0.10 (very precise) /Black=0.26 (precise)} 1-0